 Dungeon Crawl Stone Soup version 0.18-a0-1800-gdc7a371 (webtiles) character file.

56 zxpr0jk the Chiller (level 3, 0/26 HPs)
             Began as a Draconian Ice Elementalist on Apr 24, 2016.
             Slain by Robin
             ... wielding a +0 whip
              (3 damage)
             ... on level 2 of the Dungeon.
             The game lasted 00:07:26 (778 turns).

zxpr0jk the Chiller (Draconian Ice Elementalist)     Turns: 778, Time: 00:07:26

Health: 0/26       AC: 10    Str: 10    XL:     3   Next: 69%
Magic:  1/6        EV: 12    Int: 15    God:
Gold:   32         SH:  0    Dex: 12    Spells: 2 memorised, 3 levels left

rFire  . . .     SeeInvis .     c - +0 whip
rCold  . . .     Gourm    .     (armour unavailable)
rNeg   . . .     Faith    .     (no shield)
rPois  .         Spirit   .     (helmet restricted)
rElec  .         Dismiss  .     (no cloak)
rCorr  .         Reflect  .     (no gloves)
SustAt .         Harm     .     (no boots)
MR     .....                    (no amulet)
Stlth  ++........               (no ring)
                                (no ring)

@: lethally poisoned (0 -> -7), icy armour, slow, not resistant to hostile
enchantments, unstealthy
A: unfitting armour, cold-blooded, AC +5
a: no special abilities


You were on level 2 of the Dungeon.
You were hungry.

You visited 1 branch of the dungeon, and saw 2 of its levels.

You collected 32 gold pieces.

Inventory:

Hand Weapons
 c - a +0 whip (weapon)
Missiles
 d - 21 sling bullets
 e - 28 stones (quivered)
 g - 11 poisoned needles
Scrolls
 i - a scroll of amnesia
Books
 a - a book of Frost

   Spells                             Type                      Level
   a - Freeze                         Ice                          1
   b - Throw Frost                    Conjuration/Ice              2
   c - Ozocubu's Armour               Charms/Ice                   3
   d - Throw Icicle                   Conjuration/Ice              4
   e - Summon Ice Beast               Ice/Summoning                4
Comestibles
 b - a bread ration
 k - a chunk of flesh


   Skills:
 - Level 1.7 Dodging
 - Level 1.7 Stealth
 + Level 2.5 Spellcasting
   Level 1.0 Conjurations
 * Level 4.3 Ice Magic


You had 3 spell levels left.
You knew the following spells:

 Your Spells              Type           Power        Failure   Level  Hunger
a - Freeze                Ice            ##..         4%          1    #......
b - Ozocubu's Armour      Chrm/Ice       #.......     30%         3    ###....


Dungeon Overview and Level Annotations

Branches:
Dungeon (2/15)

Altars:

Annotations:
D:2 Robin


Innate Abilities, Weirdness & Mutations

Your plain brown scales are hard (AC +5).
Your body does not fit into most forms of armour.
You are cold-blooded and may be slowed by cold attacks.


Message History

A film of ice covers your body!
You feel sick.
Robin zaps a wand.
You resist with significant effort. The goblin barely misses you.
Unknown command.
You are feeling hungry.
You hit the goblin.
Your tail-slap misses the goblin.
The goblin is severely wounded.
You feel sick. The goblin barely misses you.
You hit the goblin but do no damage.
The goblin is severely wounded.
You feel sick.
Robin roars a battlecry!
The goblin goes into a battle-frenzy!
Robin hits you with a whip.
* * * LOW HITPOINT WARNING * * *
The goblin hits you but does no damage.
You barely miss the goblin.
Your tail-slap misses the goblin.
The goblin is severely wounded.
* * * LOW HITPOINT WARNING * * *
You feel sick. Robin hits you with a whip.
You die...

..
##≈≈≈≈≈..≈≈≈≈≈#
...
##≈≈≈≈≈≈..≈≈≈≈≈≈#
#≈≈≈≈≈≈≈..≈≈≈≈≈≈≈
≈≈≈≈≈≈≈≈..≈≈≈≈≈≈≈
≈≈≈≈≈≈≈≈..≈≈≈≈≈≈≈
≈≈≈≈≈≈$#).#≈≈≈≈≈≈
≈≈≈≈≈≈≈.##.≈≈≈≈≈≈
≈≈≈≈≈≈)g##.≈≈≈≈≈≈
≈≈≈≈≈≈≈#@.#≈≈≈≈≈
≈≈≈≈≈≈≈≈g≈≈≈≈≈≈≈≈
≈≈≈≈≈≈≈≈(≈≈≈≈≈≈≈≈
#≈≈≈≈≈≈≈(≈≈≈≈≈≈≈≈
##≈≈≈≈≈≈≈(≈≈≈≈≈≈#
##≈≈≈≈≈≈≈(≈≈≈≈##
##≈≈≈≈≈≈≈(≈≈##
##≈≈≈≈≈≈≈(##


You could see Robin and a goblin.

Vanquished Creatures
  An adder (D:2)
  A worm (D:2)
  A dart slug (D:1)
  2 giant cockroaches (D:1)
  11 goblins
  3 hobgoblins
  A jackal (D:1)
  3 kobolds (D:1)
  A quokka (D:2)
  5 bats (D:1)
  A giant newt (D:1)
  7 rats (D:1)
37 creatures vanquished.

Notes
Turn   | Place    | Note
--------------------------------------------------------------
     0 | D:1      | zxpr0jk the Draconian Ice Elementalist began the quest for the Orb.
     0 | D:1      | Reached XP level 1. HP: 14/14 MP: 3/3
   138 | D:1      | Reached XP level 2. HP: 13/20 MP: 1/5
   646 | D:2      | Noticed Robin
   654 | D:1      | Reached skill level 4 in Ice Magic
   686 | D:2      | Reached XP level 3. HP: 26/26 MP: 2/6
   691 | D:2      | Learned a level 3 spell: Ozocubu's Armour
   778 | D:2      | Slain by Robin

Vault maps used:
D:1:      dpeg_arrival_rooms_with_view
D:2:      kennysheep_big_flooded_room, grunt_ministairs_12, uniq_robin

Skill      XL: |  1  2 |
---------------+-------+-----
Ice Magic      | 4 |  4.3
Dodging        | |  1.7
Stealth        | |  1.7
Spellcasting   | |  2.5
Conjurations   | |  1.0

Action                   || total
-------------------------++-------
Melee: Whip              ||   101
       Tailslap          ||     5
Throw: Stone             ||    11
 Cast: Freeze            ||    30
       Ozocubu's Armour  ||     1
  Use: Scroll            ||     3
       Potion            ||     1
 Stab: Sleeping          ||     1
Armor: Skin              ||    94
Dodge: Dodged            ||    79
